 Seeded DCSS version 0.27-a0-1188-g73eefd5def (webtiles) character file.

Game seed: 20210520 (custom seed)

26 Snicker the Sneak (level 2, 0/22 HPs)
             Began as a Demonspawn Brigand on May 22, 2021.
             Slain by a goblin
             ... wielding a +0 club
             ... led by Robin
              (1 damage)
             ... on level 2 of the Dungeon.
             The game lasted 00:02:03 (900 turns).

Snicker the Sneak (Demonspawn Brigand)               Turns: 900, Time: 00:02:04

Health: 0/22       AC:  5    Str: 11    XL:     2   Next: 89%
Magic:  2/2        EV: 11    Int: 12    God:
Gold:   70         SH:  0    Dex: 14    Spells: 1/1 levels left

rFire    . . .     SeeInvis .   a - +2 dagger (drain)
rCold    . . .     Faith    .   (no shield)
rNeg     . . .     Spirit   .   b - +0 robe
rPois    .         Reflect  .   (no helmet)
rElec    .         Harm     .   c - +0 cloak
rCorr    .         Rampage  .   (no gloves)
Will     .....                  (no boots)
Stlth    +++.......             (no amulet)
HPRegen  0.07/turn              (no ring)
MPRegen  0.08/turn              (no ring)

@: no status effects
A: thin metallic scales 1
a: no special abilities


You were on level 2 of the Dungeon.
You visited 1 branch of the dungeon, and saw 2 of its levels.

You collected 70 gold pieces.

Inventory:

Hand Weapons
 a - a +2 dagger of draining (weapon)
 j - a +2 dagger
Missiles
 d - 26 poisoned darts (quivered)
 e - 2 curare-tipped darts
Armour
 b - a +0 robe (worn)
 c - a +0 cloak (worn)
Scrolls
 f - 2 scrolls of identify {unknown}
 h - a scroll of teleportation {unknown}
 k - a scroll of amnesia {unknown}
Potions
 g - a potion of curing {unknown}
 i - a potion of ambrosia {unknown}


   Skills:
 + Level 2.1 Fighting
 * Level 2.0 Short Blades
 + Level 1.8 Throwing
 + Level 1.0 Dodging
 * Level 4.3 Stealth


You had one spell level left.
You didn't know any spells.
Your spell library contained the following spells:

 Spells                   Type           Power      Damage    Failure   Level
 Confusing Touch          Hex            0%         N/A       69%         3
 Gell's Gravitas          Tloc           0%         N/A       69%         3
 Petrify                  Tmut/Erth      0%         N/A       97%         4
 Metabolic Englaciation   Hex/Ice        0%         N/A       100%        5
 Yara's Violent Unravell  Hex/Tmut       0%         3d3       100%        5


Dungeon Overview and Level Annotations

Branches:
Dungeon (2/15)

Altars:
Hepliaklqana

Annotations:
D:2 Robin


Innate Abilities, Weirdness & Mutations

You are partially covered in thin metallic scales. (AC +2)


Message History

The hobgoblin hits you.
Robin roars a battlecry!
The goblins go into a battle-frenzy!
The goblin hits you but does no damage.
Things that are here:
a +0 dagger; 6 gold pieces Robin flexes a bicep menacingly.
Robin throws the goblin at you!
Found a scroll labelled COHAFU GUNLURO.
You hit the hobgoblin but do no damage. You drain the hobgoblin.
The hobgoblin is heavily wounded.
The goblin hits you but does no damage. The hobgoblin closely misses you.
Robin throws the goblin at you!
You hit the hobgoblin.
The hobgoblin is almost dead.
The goblin misses you. The goblin closely misses you.
The hobgoblin barely misses you.
You hit the goblin.
You kill the goblin!
Robin throws the goblin at you!
You hit the goblin. You drain the goblin.
You kill the goblin!
The goblin hits you but does no damage. The hobgoblin hits you.
The goblin misses you.
Things that are here:
a +0 club; a +0 club; a goblin corpse Robin roars a battlecry!
Robin throws the goblin at you! The goblin hits you with a +0 dagger.
A rat comes into view.
The goblin misses you.
The goblin no longer looks unusually strong.
The hobgoblin falls through a shaft!
The shaft crumbles and collapses.
A goblin comes into view. It is wielding a +0 dagger.
The goblin no longer looks unusually strong.
You barely miss the goblin. The goblin hits you with a +0 dagger.
The goblin no longer looks unusually strong.
Robin throws the goblin at you! The goblin hits you with a +0 club.
* * * LOW HITPOINT WARNING * * *
You completely miss the goblin. The goblin hits you with a +0 club.
You die...

# ##. # #... .# ....#
.# .....#####.##
........g...#
.....g.@# .......g#
.....##g# #...###g##
# #r....gg?#.##.#
######.####g......#
###...##.......#.####
.......#g##......#
#.......g##).#.###


You could see Robin, 2 hobgoblins, 5 goblins and a rat (wandering).

Vanquished Creatures
  2 ball pythons (D:1)
  2 endoplasms (D:1)
  A giant cockroach (D:1)
  8 goblins
  4 hobgoblins
  3 frilled lizards
  A kobold (D:2)
  A rat (D:1)
22 creatures vanquished.

Notes
Turn   | Place    | Note
-------+----------+-------------------------------------------
     0 | D:1      | Snicker the Demonspawn Brigand began the quest for the Orb.
     0 | D:1      | Reached XP level 1. HP: 16/16 MP: 1/1
   173 | D:1      | Found a hazy altar of Hepliaklqana.
   327 | D:1      | Reached skill level 4 in Stealth
   425 | D:1      | Gained mutation: You are partially covered in thin metallic
                  | scales. (AC +2) [demonic ancestry]
   425 | D:1      | Reached XP level 2. HP: 22/22 MP: 2/2
   501 | D:1      | Found a faded altar of an unknown god.
   558 | D:1      | Reached skill level 1 in Dodging
   847 | D:2      | Noticed Robin
   899 | D:2      | HP: 1/22 [goblin/+0 club[Robin] (6)]
   900 | D:2      | Slain by a goblin

Illustrated notes

Levels and vault maps discovered:
D:1:      lemuel_arrival_cross, layout_basic, chequers_ecumenical_altar_island,
          kennysheep_flooded_box
D:2:      layout_loops_cross, uniq_robin

Skill      XL: |  1  2 |
---------------+-------+-----
Stealth        | 4 |  4.3
Short Blades   | 2 |  2.0
Dodging        | 1 |  1.0
Fighting       | |  2.1
Throwing       | |  1.8

Action                   || total
-------------------------++-------
Melee: Dagger            ||    44
 Stab: Sleeping          ||     7
Armor: Robe              ||     9
Dodge: Dodged            ||    26

Table legend: (Time is in decaauts)
 A = Elapsed time spent in this place.
 B = Non-inter-level travel time spent in this place.
 C = Inter-level travel time spent in this place.
 D = Time resting spent in this place.
 E = Time spent auto-exploring this place.
 F = Levels seen in this place.
 G = Mean time per level.
                   A        B        C        D        E       F      G
               +--------+--------+--------+--------+--------+-----+--------+
         Total |    899 |    882 |     17 |      0 |    683 |   2 |  449.5 |
       Dungeon |    899 |    882 |     17 |      0 |    683 |   2 |  449.5 |
               +--------+--------+--------+--------+--------+-----+--------+

Top non-repeatable levels by time:
     D:1: 736 daAuts
     D:2: 162 daAuts
